 Dungeon Crawl Stone Soup version 0.31.0-12-g77e489cdc1 (webtiles) character file.

Game seed: 9455231740434661646

130 Bobsterar the Trooper (level 4, -2/61 HPs)
             Began as a Minotaur Berserker on Mar 7, 2024.
             Was a Follower of Trog.
             Slain by Sigmund
             ... wielding a +0 scythe
              (5 damage)
             ... on level 3 of the Dungeon.
             The game lasted 00:04:59 (1821 turns).

Bobsterar the Trooper (Minotaur Berserker)          Turns: 1821, Time: 00:04:59

Health: -2/61      AC:  9    Str: 23    XL:     4   Next: 89%
Magic:  3/3        EV:  9    Int:  4    God:    Trog [*.....]
Gold:   149        SH:  0    Dex: 10    Spells: 3/3 levels left

rFire   . . .        l - +0 war axe
rCold   . . .        (no shield)
rNeg    . . .        i - +0 chain mail
rPois   .            (helmet restricted)
rElec   .            (no cloak)
rCorr   .            (no gloves)
SInv    .            (no boots)
Will    .....        m - amulet of the acrobat Stlth
                     (no ring)
HPRegen 0.30/turn    (no ring)
MPRegen 0.08/turn

%: acrobat
@: berserking, very quick
A: horns 2, retaliatory headbutt
a: Renounce Religion, Berserk


You were on level 3 of the Dungeon.
You worshipped Trog.
Trog was aware of your devotion.
You visited 1 branch of the dungeon, and saw 3 of its levels.

You collected 149 gold pieces.

Inventory:

Hand Weapons
 a - a +0 hand axe
 l - a +0 war axe (weapon)
Armour
 b - a +0 animal skin
 d - a +0 ring mail
 i - a +0 chain mail (worn)
Jewellery
 j - the ring "Kiqumesch" {Ice rCorr Str-4 Int+8}
   (You found it on level 2 of the Dungeon)

   [ring of ice]

   Ice:       It enhances your ice magic.
   Str-4:     It affects your strength (-4).
   Int+8:     It affects your intelligence (+8).
   rF-:       It makes you vulnerable to fire.
   rC+:       It protects you from cold.
   rCorr:     It protects you from acid and corrosion.
 m - an amulet of the acrobat (around neck)
Wands
 k - a wand of flame (16)
Scrolls
 e - a scroll of enchant weapon {unknown}
 f - a scroll of teleportation {unknown}
 n - a scroll of identify {unknown}
 o - 2 scrolls of revelation {unknown}
Potions
 c - a potion of degeneration {unknown}
 g - 2 potions of curing {unknown}
 h - a potion of haste {unknown}
 p - a potion of heal wounds {unknown}


   Skills:
 * Level 4.6 Fighting
 * Level 4.5 Axes
 * Level 3.7 Armour
 + Level 3.3 Dodging
 + Level 0.3 Evocations


You had 3 spell levels left.
You didn't know any spells.
Your spell library was empty.

Dungeon Overview and Level Annotations

Branches:
Dungeon (3/15)

Altars:

Shops:
D:2 *:([

Annotations:
D:3 Sigmund


Innate Abilities, Weirdness & Mutations

You have a pair of horns on your head.
You reflexively headbutt those who attack you in melee.


Message History

Something hits you.
You miss something. Something hits you.
You barely miss something. You barely miss something.
Your headbutt misses something.
You hear some strange, mumbled words.
A magic dart appears from out of thin air!
The magic dart hits you.
You hear some strange, mumbled words.
A puff of flame appears from out of thin air!
The puff of flame hits you but does no damage.
You closely miss something. Your headbutt misses something. Something hits you.
You miss something. Something hits you.
You closely miss something.
A bat comes into view.
The bat moves out of view.
You barely miss something. Your headbutt misses something. Something hits you!
* * * LOW HITPOINT WARNING * * *
A red film seems to cover your vision as you go berserk!
You feel yourself moving faster!
You feel mighty! Something hits you.
* * * LOW HITPOINT WARNING * * *
You are too injured to fight recklessly!
You are too injured to fight recklessly!
You are too injured to fight recklessly!
You are too injured to fight recklessly!
You miss something.
An endoplasm comes into view.
You slash something! Your headbutt misses something.
Something hits you but does no damage.
You miss something. Something hits you!
* * * LOW HITPOINT WARNING * * *
You barely miss something. Your headbutt misses something. You miss something.
Something hits you.
* * * LOW HITPOINT WARNING * * *
You completely miss something. You barely miss something.
Your headbutt misses something.
You hear some strange, mumbled words.
A puff of flame appears from out of thin air!
The puff of flame misses you.
You closely miss something. Your headbutt misses something. Something hits you.
You die...

#### ..#########
#.#####.........#
.....r{.....>...#
#@........#
#.........#
#.........#
#......####
#####..#######
..#........#
#.#..#####.#####
#.#............#
#.#...##.......#


You could see a quokka.

Vanquished Creatures
  A bombardier beetle (D:3)
  Ijyb (D:3)
  3 adders (D:2)
  2 dart slugs
  A ribbon worm (D:2)
  An orc (D:3)
  3 bats
  6 endoplasms
  A giant cockroach (D:2)
  3 goblins
  5 hobgoblins
  2 quokkas
  5 ball pythons
  5 frilled lizards
  2 kobolds
  A rat (D:2)
42 creatures vanquished.

Notes
Turn   | Place    | Note
-------+----------+-------------------------------------------
     0 | D:1      | Bobsterar the Minotaur Berserker began the quest for the
                  | Orb.
     0 | D:1      | Reached XP level 1. HP: 19/19 MP: 0/0
   287 | D:1      | Reached XP level 2. HP: 21/27 MP: 1/1
   358 | D:1      | Found a faded altar of an unknown god.
   752 | D:2      | Found Qomer's Book Shoppe.
   814 | D:2      | Reached XP level 3. HP: 30/33 MP: 2/2
   963 | D:2      | Identified the ring "Kiqumesch" {Ice rCorr Str-4 Int+8}
   992 | D:2      | You fall into a shaft and drop 1 floor!
  1017 | D:3      | Noticed Ijyb
  1042 | D:3      | Killed Ijyb
  1161 | D:2      | Found Qoyseirph's General Store.
  1200 | D:2      | Reached XP level 4. HP: 40/40 MP: 3/3
  1345 | D:2      | Found Jausuega's Antique Weapon Shop.
  1559 | D:2      | Found Raeny's Antique Armour Shoppe.
  1802 | D:3      | Noticed Sigmund
  1818 | D:3      | HP: 2/61 [something (4)]
  1821 | D:3      | Slain by Sigmund

Illustrated notes

Levels and vault maps discovered:
D:1:      lemuel_arrival_behind_the_door_small, layout_basic,
          shapermc_ecumenical_altar_mp_urbaneastern
D:2:      layout_loops_ring, serial_shops, nicolae_shop_gibbet_a_chance,
          nicolae_shop_rolling_square, shop, shop, minmay_misc_feat_square
D:3:      layout_basic, marbit_many_paths, amcnicky_mini_corridor_feature,
          uniq_sigmund, uniq_ijyb

Skill      XL: |  1  2  3 |
---------------+----------+-----
Fighting       | 4 |  4.6
Axes           | 4 |  4.5
Armour         | 3 |  3.7
Dodging        | 3 |  3.3
Evocations     | |  0.3

Action                     |  1- 3 |  4- 6 || total
---------------------------+-------+-------++-------
  Melee: Hand axe          |    71 |     3 ||    74
         Headbutt          |    11 |     3 ||    14
         Punch             |     1 |     1 ||     2
         War axe           |       |    41 ||    41
 Invoke: Berserk           |     1 |     1 ||     2
 Armour: Animal skin       |     2 |       ||     2
         Ring mail         |     4 |       ||     4
         Chain mail        |    37 |    23 ||    60
  Dodge: Dodged            |    25 |    19 ||    44
